 Dungeon Crawl Stone Soup version 0.31.0-10-gcf4a605ca0 (webtiles) character file.

Game seed: 16130808517815858300

2556 Dirian the Cleaver (level 9, -4/77 (78) HPs)
             Began as a Minotaur Fighter on Jan 25, 2024.
             Was a Believer of Nemelex Xobeh.
             Slain by a wight
             ... wielding a +0 halberd
              (6 damage)
             ... on level 8 of the Dungeon.
             The game lasted 00:08:28 (6287 turns).

Dirian the Cleaver (Minotaur Fighter)               Turns: 6287, Time: 00:08:28

HP:   -4/77 (78)    AC: 12    Str: 24    XL:     9   Next: 31%
MP:   10/10         EV:  8    Int:  5    God:    Nemelex Xobeh [**....]
Gold: 1334          SH:  6    Dex: 17    Spells: 8/8 levels left

rFire   . . .        a - +0 war axe (drain)
rCold   . . .        c - +0 buckler
rNeg    . . .        s - +0 chain mail
rPois   .            (helmet restricted)
rElec   .            b - scarf {repulsion}
rCorr   .            (no gloves)
SInv    .            p - +0 pair of boots
Will    .....        (no amulet) Stlth
                     i - +6 ring of dexterity
HPRegen 0.32/turn    (no ring)
MPRegen 0.12/turn

%: repel missiles
@: lightly drained
A: horns 2, retaliatory headbutt
a: Renounce Religion, Draw Escape, Draw Destruction, Draw Summoning


You were on level 8 of the Dungeon.
You worshipped Nemelex Xobeh.
Nemelex Xobeh was pleased with you.
You visited 1 branch of the dungeon, and saw 8 of its levels.
You also visited: Ossuary.

You collected 1334 gold pieces.

Inventory:

Hand Weapons
 a - a +0 war axe of draining (weapon)
 g - a +0 flail
Armour
 b - a scarf of repulsion (worn)
 c - a +0 buckler (worn)
 l - a +0 tower shield
 p - a +0 pair of boots (worn)
 s - a +0 chain mail (worn)
Jewellery
 i - a +6 ring of dexterity (left hand)
Wands
 y - a wand of light (8)
Scrolls
 d - 2 scrolls of brand weapon
 e - 2 scrolls of poison
 o - a scroll of fog
 t - a scroll of teleportation
 u - a scroll of enchant weapon {unknown}
 z - a scroll of immolation {unknown}
Potions
 f - a potion of cancellation {unknown}
 h - 2 potions of haste
 j - 4 potions of attraction
 k - 2 potions of brilliance
 m - 2 potions of mutation {unknown}
 n - 3 potions of enlightenment
 q - 3 potions of curing
 r - 2 potions of invisibility {unknown}
 v - 2 potions of heal wounds {unknown}
 w - a potion of lignification {unknown}
 x - a potion of berserk rage {unknown}
 A - a potion of resistance {unknown}


   Skills:
 + Level 6.6 Fighting
 + Level 10.3 Axes
 + Level 8.3 Armour
 + Level 5.6 Shields
 * Level 3.8 Invocations


You had 8 spell levels left.
You didn't know any spells.
Your spell library contained the following spells:

 Spells                   Type           Power      Damage    Failure   Level
 Apportation              Tloc           0%         N/A       96%         1
 Kiss of Death            Conj/Necr      0%         2d5       96%         1
 Necrotise                Necr           0%         1d4       96%         1
 Sting                    Conj/Alch      0%         1d3       96%         1
 Summon Small Mammal      Summ           0%         N/A       96%         1
 Confusing Touch          Hex            0%         N/A       100%        3
 Frozen Ramparts          Ice            0%         1d1       100%        3
 Dispel Undead            Necr           0%         3d6       100%        4
 Leda's Liquefaction      Alch/Erth      0%         N/A       100%        4
 Petrify                  Alch/Erth      0%         N/A       100%        4
 Metabolic Englaciation   Hex/Ice        0%         N/A       100%        5


Dungeon Overview and Level Annotations

Branches:
Dungeon (8/15) Zot: 26748  Temple (0/1) D:5         Ossuary (visited)
   Lair: D:8-11

Altars:
Dithmenos
Nemelex Xobeh
Ru
Trog
Vehumet
Xom
Yredelemnul

Shops:
D:1 (   D:3 !   D:7 ((

Annotations:
D:6 3 runed translucent doors, Jeremiah; Vorhees's ghost, novice DjEE


Innate Abilities, Weirdness & Mutations

You have a pair of horns on your head.
You reflexively headbutt those who attack you in melee.


Message History

Your killer bee stings the wight. x2; The wight closely misses you.
You furiously retaliate!
You headbutt the wight!
You destroy the wight!
The wight hits you from afar with a +0 halberd.
You feel drained.
The wight hits you with a +0 great sword.
You block the wight's attack.
Your killer bee misses the wight.
Your killer bee stings the wight but does no damage.
You block the wight's attack.
The wight hits you with a +0 great sword.
The wight hits you with a +4 trident.
* * * LOW HITPOINT WARNING * * *
Items here: ))) [[ †.
You hit the wight.
The wight is lightly damaged.
You hit the wight but do no damage.
Your killer bee barely misses the wight.
Your killer bee closely misses the wight.
The wight hits you from afar with a +0 halberd!
* * * LOW HITPOINT WARNING * * *
The wight hits you but does no damage. The wight hits you with a +4 trident!
* * * LOW HITPOINT WARNING * * *
Your killer bee closely misses the wight.
Okay, then.
You draw a card...
You have drawn the Orb.
Press: ? - help, Shift-Dir - straight line, f - wight
Aim: a wight, wielding a +4 trident and wearing a +0 robe (lightly damaged)
The wavering orb of destruction weakly hits your killer bee!
Your killer bee is severely wounded.
The wavering orb of destruction weakly hits the wight!
The wight is almost destroyed.
The wavering orb of destruction weakly hits the wight!
You blow up the wight!
Your killer bee disappears in a puff of smoke!
Your orb of destruction hits a rock wall.
The wight hits you from afar with a +0 halberd.
You die...
Your body glows with a rainbow of weird colours and disappears.

######.....##### #.
#.....# ##
#.....######..
#.............
#.....######..
#............
#######......#####.
#......§)....#
#....*○@)###.#
#.....$z☼# .#
#.......z# .#
#........# .#
#........#
#........#
##........
#........


You could see 2 wights.

Vanquished Creatures
  A steam dragon (D:6)
  Duvessa (D:5)
  A water moccasin (D:6)
  An orc warrior (D:4)
  A sky beast (D:7)
  A black bear (D:7)
  An ogre (D:5)
  A phantom (D:5)
  2 bullfrogs
  3 scorpions
  A wyvern zombie (D:6)
  4 wights (D:8)
  Dowan (D:5)
  A bombardier beetle (D:4)
  5 hounds
  A jelly (D:6)
  5 orc priests
  2 gnoll boudas
  8 iguanas
  2 orc wizards (D:7)
  9 mummies
  A howler monkey zombie (D:6)
  10 gnolls
  10 adders
  2 shadow imps
  2 white imps
  4 ufetubi
  4 dart slugs
  2 ribbon worms
  13 orcs
  6 ball pythons
  6 endoplasms
  3 giant cockroaches
  2 gnoll zombies (Ossuary)
  5 goblins
  6 hobgoblins
  6 jackals
  7 kobolds
  3 quokkas (D:1)
  4 bats
  2 frilled lizards
  3 hobgoblin zombies (Ossuary)
  3 orc zombies (Ossuary)
  6 rats
162 creatures vanquished.

Vanquished Creatures (collateral kills)
  A wight (D:8)
  2 gnolls (D:8)
3 creatures vanquished.

Grand Total: 165 creatures vanquished

Notes
Turn   | Place    | Note
-------+----------+-------------------------------------------
     0 | D:1      | Dirian the Minotaur Fighter began the quest for the Orb.
     0 | D:1      | Reached XP level 1. HP: 19/19 MP: 0/0
   149 | D:1      | Reached XP level 2. HP: 27/27 MP: 1/1
   267 | D:1      | Found Kiokaut's Weapon Boutique.
   289 | D:1      | Reached XP level 3. HP: 31/33 MP: 2/2
   369 | D:1      | Reached skill level 3 in Axes
   685 | D:2      | Reached XP level 4. HP: 37/40 MP: 3/3
  1168 | D:3      | You fall into a shaft and drop 1 floor!
  1187 | D:4      | Found a shimmering altar of Xom.
  1291 | D:4      | Reached skill level 4 in Axes
  1392 | D:4      | Reached XP level 5. HP: 47/47 MP: 4/4
  1407 | D:4      | Noticed an orc warrior
  1419 | D:4      | Killed an orc warrior
  1420 | D:4      | Reached skill level 5 in Axes
  1586 | D:4      | Reached skill level 5 in Armour
  1586 | D:4      | Reached XP level 6. HP: 55/55 MP: 5/5
  1761 | D:3      | Found Begruhet's Distillery.
  1809 | D:3      | Found a sparkling altar of Nemelex Xobeh.
  2584 | D:3      | Became a worshipper of Nemelex Xobeh the Trickster
  2643 | D:5      | Entered Level 5 of the Dungeon
  2696 | D:5      | Reached skill level 6 in Axes
  2960 | D:5      | Found a radiant altar of Vehumet.
  2967 | D:5      | Reached skill level 5 in Fighting
  3067 | D:5      | Noticed Duvessa
  3077 | D:5      | Killed Duvessa
  3077 | D:5      | Noticed Dowan
  3078 | D:5      | Reached XP level 7. HP: 27/61 MP: 6/6
  3080 | D:5      | Killed Dowan
  3088 | D:5      | Reached skill level 7 in Axes
  3606 | D:5      | Found a sacrificial altar of Ru.
  3659 | D:5      | Found a staircase to the Ecumenical Temple.
  3821 | D:5      | Reached skill level 8 in Axes
  3821 | D:5      | Reached skill level 1 in Invocations
  3821 | D:5      | Reached XP level 8. HP: 58/69 MP: 7/7
  3920 | D:5      | Found a bloodstained altar of Trog.
  4125 | D:6      | Noticed Jeremiah
  4178 | D:6      | Reached * piety under Nemelex Xobeh
  4387 | D:6      | Reached skill level 5 in Shields
  4502 | D:6      | Received a gift from Nemelex Xobeh
  4582 | D:6      | Found a runed translucent gate.
  4582 | D:6      | Found a runed translucent gate.
  4582 | D:6      | Found a runed translucent gate.
  4582 | D:6      | Noticed Vorhees's ghost (novice DjEE)
  4584 | D:6      | Found a basalt altar of Yredelemnul.
  4704 | D:6      | Reached skill level 9 in Axes
  4832 | D:7      | Identified a scroll of acquirement
  4832 | D:7      | Acquired 697 gold pieces
  5025 | D:7      | Received a gift from Nemelex Xobeh
  5044 | D:7      | Reached ** piety under Nemelex Xobeh
  5057 | D:7      | Found a sand-covered staircase.
  5071 | Ossuary  | Entered an ossuary
  5206 | Ossuary  | Reached XP level 9. HP: 75/75 MP: 10/10
  5821 | D:7      | Found Doavet's Weapon Emporium.
  5973 | D:7      | Found Hiacah's Weapon Emporium.
  6074 | D:8      | Reached skill level 10 in Axes
  6233 | D:8      | Found a shadowy altar of Dithmenos.
  6286 | D:8      | HP: 2/77 [wight/+4 trident (10)]
  6287 | D:8      | Slain by a wight

Illustrated notes

Levels and vault maps discovered:
D:1:      dpeg_arrival_yet_another_circle, layout_rooms, serial_shops,
          nicolae_square_shop, kennysheep_another_room
D:2:      layout_basic
D:3:      layout_rooms, mainiacjoe_overflow_tiny_flanked, serial_shops, shop
D:4:      layout_loops_corners, mainiacjoe_overflow_concentric_impassable
D:5:      layout_loops_corners, nicolae_ru_the_path_less_chosen,
          lightli_temple_of_fire, amcnicky_altar_gilded,
          lemuel_temple_firewalk_b, grunt_ministairs_7, uniq_duvessa
D:6:      layout_gridville, nicolae_yredelemnul_ghost_church,
          minmay_fire_ice_demons, uniq_jeremiah
D:7:      layout_cave_pods, gup_ossuary_entry_pyramid, serial_shops, shop,
          kennysheep_mini, grunt_ministairs_3, nicolae_letterblocks
          [nicolae_letter_subblock, nicolae_letter_subblock,
          nicolae_letter_subblock, nicolae_letter_subblock,
          nicolae_letter_subblock, nicolae_letter_subblock,
          nicolae_letter_subblock, nicolae_letter_subblock,
          nicolae_letter_subblock, nicolae_letter_subblock,
          nicolae_letter_subblock, nicolae_letter_subblock,
          nicolae_letter_subblock, nicolae_letter_subblock,
          nicolae_letter_subblock, nicolae_letter_subblock,
          nicolae_letter_subblock, nicolae_letter_subblock,
          nicolae_letter_subblock, nicolae_letter_subblock,
          nicolae_letter_subblock, nicolae_letter_subblock,
          nicolae_letter_subblock, nicolae_letter_subblock,
          nicolae_letter_subblock]
D:8:      layout_basic, makhleb_altar_promises_db, grunt_dithmenos_smoke,
          nicolae_shop_overcharged_wands

Skill      XL: |  1  2  3  4  5  6  7  8  9 |
---------------+----------------------------+-----
Armour         | 4 5 7 8 |  8.3
Fighting       | 4 5 6 |  6.6
Shields        | 4 5 |  5.6
Axes           | 3 4 5 6 8 9 10 | 10.3
Invocations    | 1 3 |  3.8

Action                     |  1- 3 |  4- 6 |  7- 9 || total
---------------------------+-------+-------+-------++-------
  Melee: War axe           |    64 |   112 |   203 ||   379
         Headbutt          |     7 |    13 |    36 ||    56
 Invoke: Draw Destruction  |       |       |     1 ||     1
         Draw Summoning    |       |       |     1 ||     1
    Use: Potion            |       |     2 |       ||     2
         Scroll            |       |     6 |     9 ||    15
 Armour: Scale mail        |    57 |    36 |       ||    93
         Chain mail        |       |    33 |   173 ||   206
  Dodge: Dodged            |    33 |    43 |    75 ||   151
         Repelled          |       |     1 |     4 ||     5
  Block: Buckler           |    13 |    32 |    49 ||    94
